 Dungeon Crawl Stone Soup version 0.30-a0-737-gf23d94013f (webtiles) character file.

Game seed: 1566395565610190472

1709485 Monkooky the Metallomancer (level 22, 146/146 HPs)
             Began as a Demonspawn Reaver on Jan 31, 2023.
             Was the Champion of Vehumet.
             Escaped with the Orb
             ... and 3 runes on Feb 2, 2023!
             The game lasted 04:15:06 (56019 turns).

Monkooky the Metallomancer (Demonspawn Reaver)     Turns: 56019, Time: 04:15:06

Health: 146/146    AC: 21    Str: 14      XL:     22   Next: 79%
Magic:  39/39      EV: 19    Int: 32 (34) God:    Vehumet [******]
Gold:   3969       SH: 11    Dex: 20      Spells: 1/48 levels left

rFire   + . .      SeeInvis +    Q - staff of earth
rCold   . . .      Faith    .    d - +3 warlock's mirror {omnireflect}
rNeg    + . .      Spirit   +    I - +5 steam dragon scales
rPois   +          Reflect  +    (helmet unavailable)
rElec   +          Harm     .    i - +4 dragonskin cloak
rCorr   +          Rampage  .    H - +1 pair of gloves "Zeiss" {rElec rPois rCorr Dex+5}
Will    ++...      Clarity  +    P - +1 pair of boots "Suduwix" {rN+}
Stlth   +                        O - amulet "Vory" {RegenMP Will+ Int+5}
HPRegen 0.44/turn                t - +6 ring of intelligence
MPRegen 0.92/turn                V - ring of protection from fire

@: studying Maces & Flails
A: antennae 3, foul stench 2, magic shield, magic regeneration, sanguine armour
3, corrupting presence 1, see invisible, clarity, clever 1, frail 1, inability
to read after injury 1
0: Orb of Zot
}: 3/15 runes: barnacled, slimy, gossamer
a: Renounce Religion


You escaped.
You worshipped Vehumet.
Vehumet was exalted by your worship.
You visited 10 branches of the dungeon, and saw 48 of its levels.
You visited the Abyss 2 times.

You collected 5255 gold pieces.
You spent 1286 gold pieces at shops.

Inventory:

Hand Weapons
 G - a +9 hand crossbow of freezing
Missiles
 D - 8 curare-tipped darts
 T - 5 throwing nets
Armour
 d - the +3 warlock's mirror (worn) {omnireflect}
   (You acquired it on level 4 of the Dungeon)

   Omnireflect: It can block and reflect piercing ranged attacks and magical
   attacks against the wielder's willpower.
 i - the +4 dragonskin cloak (worn)
   (You took it off Tiamat on level 3 of the Realm of Zot)

   Avatar's Aegis: It grants the wearer a chance to resist fire, cold, poison,
   electricity, acid, and negative energy.
 H - the +1 pair of gloves "Zeiss" (worn) {rElec rPois rCorr Dex+5}
   (You acquired it on level 7 of the Dungeon)

   Dex:       It affects your dexterity (+5).
   rElec:     It insulates you from electricity.
   rPois:     It protects you from poison.
   rCorr:     It protects you from acid and corrosion.
 I - +5 steam dragon scales (worn)
 P - the +1 pair of boots "Suduwix" (worn) {rN+}
   (You found it on level 10 of the Dungeon)

   rN:        It protects you from negative energy.
Magical Staves
 E - a staff of conjuration
 Q - a staff of earth (weapon)
Jewellery
 t - a +6 ring of intelligence (left hand)
 w - a ring of wizardry
 O - the amulet "Vory" (around neck) {RegenMP Will+ Int+5}
   (You found it on level 3 of the Elven Halls)

   [amulet of magic regeneration]

   It increases your rate of magic regeneration.
   Int:       It affects your intelligence (+5).
   Will:      It increases your willpower.
 R - a +6 ring of intelligence
 V - a ring of protection from fire (right hand)
Wands
 v - a wand of iceblast (23)
 J - a wand of acid (18)
 Y - a wand of paralysis (11)
 Z - a wand of digging (8)
Scrolls
 c - 2 scrolls of immolation
 e - 7 scrolls of vulnerability
 h - 5 scrolls of amnesia
 o - 6 scrolls of teleportation
 q - 2 scrolls of blinking
 r - 7 scrolls of fear
 s - 3 scrolls of summoning
 y - a scroll of magic mapping
 F - 2 scrolls of silence
 K - 6 scrolls of fog
 S - 4 scrolls of poison
Potions
 b - 4 potions of flight
 f - a potion of berserk rage
 g - 7 potions of attraction
 j - 7 potions of mutation
 k - 13 potions of might
 l - a potion of cancellation
 n - 17 potions of curing
 z - 4 potions of ambrosia
 A - a potion of brilliance
 C - 4 potions of haste
 L - 4 potions of magic
 N - 5 potions of lignification
 U - 6 potions of invisibility
 X - 2 potions of resistance
Miscellaneous
 a - a phial of floods
 m - a box of beasts
 x - a condenser vane
 M - a tin of tremorstones (2/2)
 W - a phantom mirror


   Skills:
 + Level 11.2 Fighting
 - Level 2.7(3.8) Maces & Flails
 - Level 4.1(4.5) Staves
 - Level 2.9 Ranged Weapons
 - Level 6.8 Armour
 + Level 10.1 Dodging
 + Level 11.2 Shields
 - Level 13.6 Spellcasting
 - Level 17.8 Conjurations
 - Level 6.0 Hexes
 - Level 10.0 Summonings
 - Level 1.8 Translocations
 - Level 5.6 Transmutations
 - Level 1.2 Fire Magic
 - Level 7.4 Ice Magic
 - Level 7.2 Air Magic
 - Level 21.2 Earth Magic
 - Level 1.3 Poison Magic
 - Level 7.6 Evocations


You had one spell level left.
You knew the following spells:

 Your Spells              Type           Power      Damage    Failure   Level
a - Kiss of Death         Conj/Necr      100%       2d13      1%          1
b - Spellforged Servitor  Conj/Summ      42%        N/A       1%          7
c - Shatter               Erth           63%        3d47*     11%         9
d - Searing Ray           Conj           100%       2d8       0%          2
e - Ignite Poison         Fire/Tmut/Pois 39%        N/A       1%          3
f - Freezing Cloud        Conj/Ice/Air   37%        6-21      1%          5
g - Statue Form           Tmut/Erth      69%        N/A       1%          6
h - Yara's Violent Unrav  Hex/Tmut       28%        3d12      1%          5
i - Lehudib's Crystal Sp  Conj/Erth      60%        10d14     1%          8
j - Apportation           Tloc           66%        N/A       1%          1

Your spell library contained the following spells:

 Spells                   Type           Power      Damage    Failure   Level
 Polar Vortex             Ice            31%        N/A       100%        9
 Magic Dart               Conj           100%       1d8       0%          1
 Sandblast                Erth           100%       2d20      0%          1
 Beastly Appendage        Tmut           100%       N/A       1%          1
 Slow                     Hex            100%       N/A       1%          1
 Summon Small Mammal      Summ           100%       N/A       1%          1
 Necrotise                Necr           84%        1d8       2%          1
 Passwall                 Tmut/Erth      86%        N/A       0%          2
 Stone Arrow              Conj/Erth      100%       3d13      0%          3
 Call Imp                 Summ           72%        N/A       1%          2
 Cigotuvi's Dreadful Rot  Necr/Pois/Air  80%        N/A       1%          2
 Ensorcelled Hibernation  Hex/Ice        100%       N/A       1%          2
 Momentum Strike          Conj/Tloc      100%       3d10      1%          2
 Scorch                   Fire           58%        2d7       1%          2
 Wereblood                Tmut           55%        N/A       1%          2
 Confusing Touch          Hex            57%        N/A       1%          3
 Hailstorm                Conj/Ice       80%        3d16      1%          3
 Inner Flame              Hex/Fire       44%        N/A       1%          3
 Kindle Blastsparks       Fire/Tloc/Air  86%        2d17      1%          3
 Spider Form              Tmut/Pois      44%        N/A       1%          3
 Summon Guardian Golem    Hex/Summ       65%        N/A       1%          3
 Tukima's Dance           Hex            57%        N/A       1%          3
 Vhi's Electric Charge    Tloc/Air       100%       N/A       1%          3
 Airstrike                Air            30%        2d(5-21)  1%          4
 Cause Fear               Hex            28%        N/A       1%          4
 Flame Wave               Conj/Fire      70%        2d16      1%          4
 Iskenderun's Mystic Bla  Conj/Tloc      71%        2d14      1%          4
 Sticky Flame             Conj/Fire      70%        2d8       1%          4
 Summon Ice Beast         Ice/Summ       67%        N/A       1%          4
 Summon Lightning Spire   Summ/Air       67%        N/A       1%          4
 Iskenderun's Battlesphe  Conj           94%        2d14      1%          5
 Lightning Bolt           Conj/Air       40%        1d59      1%          5
 Conjure Ball Lightning   Conj/Air       40%        3x3d13    1%          6
 Orb of Destruction       Conj           47%        9d12      1%          7
 Summon Mana Viper        Hex/Summ       65%        N/A       2%          5
 Sublimation of Blood     Necr           21%        N/A       3%          2
 Gell's Gravitas          Tloc           33%        N/A       3%          3
 Teleport Other           Tloc           33%        N/A       3%          3
 Silence                  Hex/Air        29%        N/A       4%          5
 Vampiric Draining        Necr           21%        2d7       8%          3
 Passage of Golubria      Tloc           33%        N/A       12%         4
 Alistair's Intoxication  Tmut/Pois      29%        N/A       16%         5
 Eringya's Noxious Bog    Tmut/Pois      22%        N/A       22%         6
 Animate Dead             Necr           21%        N/A       24%         4
 Dispel Undead            Necr           21%        3d11      24%         4
 Monstrous Menagerie      Summ           36%        N/A       34%         7
 Agony                    Necr           21%        N/A       56%         5
 Storm Form               Tmut/Air       29%        N/A       83%         7
 Dispersal                Tloc           16%        N/A       87%         6
 Malign Gateway           Summ/Tloc      28%        N/A       88%         7
 Dragon Form              Tmut           27%        N/A       91%         7
 Chain Lightning          Conj/Air       40%        3d53      96%         9
 Discord                  Hex            28%        N/A       100%        8
 Ignition                 Fire           14%        3d6       100%        8
 Fire Storm               Conj/Fire      35%        8d9       100%        9


Dungeon Overview and Level Annotations

Branches:
Dungeon (15/15)            Temple (0/1) D:5            Lair (5/5) D:9
 Shoals (4/4) Lair:3       Spider (4/4) Lair:3        Slime (5/5) Lair:5
    Orc (2/2) D:12            Elf (3/3) Orc:2        Vaults (1/5) D:14
 Depths (4/4) D:15            Zot (5/5) Depths:4

Altars:
Cheibriados
Fedhas
Nemelex Xobeh
Qazlal
Ru
Sif Muna
Uskayaw
Vehumet
Wu Jian
Xom

Shops:
D:5 !   D:6 ?   D:10 (*   D:13 [   Orc:2 [:([   Elf:1 ?   Elf:2 [
Depths:1 ([*   Depths:2 ?   Depths:4 *

Portals:
Hell: Depths:1 Depths:2 Depths:3
Abyss: Depths:3
Pandemonium: Depths:2 Depths:3
Ziggurat: Depths:1
Trove: D:11 (give 6 potions of haste)

Annotations:
D:5 exclusion: door
Elf:2 3 runed translucent doors


Innate Abilities, Weirdness & Mutations

You have a pair of large antennae on your head. (SInv)
You sometimes emit foul miasma when damaged in melee.
When hurt, damage is shared between your health and your magic reserves.
You regenerate magic rapidly.
When seriously injured, your blood forms very thick armour. (AC +0)
Your presence sometimes corrodes those you injure.
You have supernaturally acute eyesight. (SInv)
You possess an exceptional clarity of mind.
Your mind is acute. (Int +4, Str/Dex -1)
You are frail. (-10% HP)
You occasionally lose the ability to read scrolls when taking damage.


Message History

There is a stone staircase leading down here.
You open the door.
There is an open door here.
There is a stone staircase leading up here.
You climb upwards.
There is a stone staircase leading down here.
There is a stone staircase leading up here.
You climb upwards.
There is a stone staircase leading down here.
An Executioner comes into view.
The Executioner moves out of view.
The merfolk shouts!
There is an open door, spattered with blood here.
Things that are here:
a +0 club; a +0 club; a +0 whip You close the door, pushing everything out of the way.
Things that are here:
a +0 whip; a +0 club; a +0 club The ogre shouts!
An Executioner breaks down the door.
Aiming: Lehudib's Crystal Spear (dangerous; 1% risk of failure)
Press: ? - help, Q - select action, (/) - cycle Shift-Dir - straight line, f - Executioner
Aim: an Executioner (73% to hit)
You feel a surge of power!
The crystal spear hits the Executioner!!!!
You kill the Executioner!
Vehumet accepts your kill.
The formicid shouts!
The troll shouts!
The merfolk shouts!
The naga shouts!
The orc shouts!
The armataur shouts!
The draconian roars!
The human shouts!
The demonspawn shouts!
The demigod shouts!
The minotaur bellows!
The spriggan shouts!
The elf shouts!
The vine stalker shouts!
The meteoran shouts!
There is an open door here.
There is a staircase leading out of the dungeon here.
You have escaped!

###############
#d#Q#p#V#e#p#9####
###############..#
..............'.@#
###############..#
#p#6#H#i#f#h#x####
###############
.....# ....##
#.### #.### ....#


There were no monsters in sight!

Vanquished Creatures
  the Royal Jelly (Slime:5)
  An ancient lich (Zot:5)
  A dread lich (Zot:5)
  2 orbs of fire
  Nikola (Spider:3)
  A caustic shrike (Depths:2)
  A golden dragon (Zot:3)
  2 Tzitzimimeh (Depths:3)
  An electric golem (Zot:5)
  A hellephant (Abyss:2)
  Zenata (Vaults:1)
  3 tentacled monstrosities
  A deep elf blademaster (Elf:3)
  3 liches
  Rupert (Spider:1)
  An Ice Fiend (D:12)
  13 Orb Guardians
  Asterion (Depths:1)
  2 deep elf master archers (Elf:3)
  3 quicksilver dragons (Zot:1)
  An Executioner (D:1)
  8 acid blobs
  2 tentacled starspawn (Abyss:2)
  2 sphinxes (Depths:2)
  Kirke (Shoals:1)
  2 storm dragons
  4 draconian monks (Zot:1)
  Roxanne (Spider:2)
  A shadow dragon (Zot:1)
  16 azure jellies
  2 frost giants
  3 rockslimes (Slime:5)
  5 emperor scorpions
  2 fire giants
  An iron dragon (Depths:3)
  6 draconian scorchers
  5 draconian knights
  9 ghost moths
  A balrug (Depths:3)
  6 deep elf sorcerers
  Louise (Shoals:1)
  A caustic shrike zombie (Abyss:2)
  A reaper (Abyss:2)
  4 deep elf elementalists (Elf:3)
  An orc warlord (Orc:2)
  A draconian stormcaller (Zot:3)
  2 broodmothers
  2 draconian annihilators
  4 very ugly things
  8 quicksilver oozes
  3 stone giants
  3 ironbound preservers (Vaults:1)
  3 vampire knights
  2 green draconians
  4 black draconians
  3 yellow draconians
  4 deep elf demonologists
  5 deep elf annihilators (Elf:3)
  2 white draconians
  3 spark wasps
  3 dire elephants (Vaults:1)
  5 red draconians
  4 purple draconians
  6 fire dragons
  10 merfolk impalers
  A green death (Depths:3)
  5 ettins
  4 deep elf death magi
  2 yaktaur captains
  4 merfolk javelineers
  3 deep elf high priests (Elf:3)
  An entropy weaver (Spider:2)
  Josephine (Orc:1)
  6 great orbs of eyes
  3 rakshasas
  3 spriggan air magi
  10 hydras
  An ironbound frostheart (Vaults:1)
  A catoblepas (Lair:4)
  9 centaur warriors
  A hell beast (Depths:3)
  3 ice dragons
  3 alligator snapping turtles
  3 merfolk avatars
  Erica (D:9)
  A death knight (D:15)
  An ogre mage (D:15)
  8 merfolk aquamancers
  7 two-headed ogres
  8 dancing weapons
  3 tengu warriors
  A satyr (Shoals:3)
  4 radroaches
  7 boulder beetles
  4 deep troll shamans
  A hell hog (Depths:2)
  9 hell knights
  3 spriggan berserkers
  A soul eater (Depths:2)
  3 sun demons (Depths:3)
  2 iron trolls (Depths:3)
  2 spriggans
  A vampire mage (Depths:2)
  5 pharaoh ants
  7 deep elf knights
  2 sixfirhies (Depths:2)
  3 sun moths
  2 spriggan druids (Depths:2)
  A sea snake (shapeshifter) (Depths:4)
  A glowing orange brain (Slime:5)
  2 skeletal warriors (Depths:3)
  11 sea snakes
  A quicksilver dragon simulacrum (Depths:3)
  16 deep trolls
  7 orb spiders
  3 phantasmal warriors
  A spriggan simulacrum (Depths:2)
  4 deep elf archers
  An ironbound convoker (Vaults:1)
  2 wizards
  Pikel (D:6)
  A lindwurm (Lair:5)
  A nameless horror (Spider:4)
  9 fauns
  25 harpies
  17 deep elf pyromancers
  3 steelbarb worms
  3 necromancers
  11 deep elf zephyrmancers
  2 orc sorcerers (Orc:2)
  11 wolf spiders
  15 ugly things
  3 shining eyes
  6 large abominations
  9 manticores
  2 orc knights
  A toenail golem (Zot:5)
  7 cyclopes
  An iron dragon skeleton (Depths:2)
  5 elephants (Lair:4)
  5 merfolk sirens
  A rust devil (Depths:2)
  13 moths of wrath
  A salamander (Depths:1)
  2 smoke demons (Abyss:2)
  An eye of devastation (Slime:5)
  Maurice (Orc:1)
  An apocalypse crab (Abyss:2)
  13 black mambas
  3 molten gargoyles (Lair:5)
  2 fire giant skeletons (Depths:2)
  8 water nymphs
  7 demonic crawlers
  3 gargoyles
  2 torpor snails
  12 cane toads
  A vault sentinel (Vaults:1)
  A hellion (Depths:2)
  2 orange demons
  An unseen horror (shapeshifter) (Elf:1)
  6 freezing wraiths
  A centaur skeleton (D:14)
  5 yaktaurs
  10 komodo dragons
  A red devil (Depths:3)
  6 trolls
  2 ice devils (Depths:2)
  29 merfolk
  3 meliai (Spider:1)
  2 hellwings (Depths:2)
  3 polar bears
  18 tarantellas
  7 hornets
  11 wind drakes
  4 raiju (Abyss:2)
  15 blink frogs
  6 snapping turtles
  4 dream sheep
  2 vampires
  A flying skull (Abyss:2)
  21 slime creatures
  22 jumping spiders
  11 air elementals
  2 shadows
  16 culicivoras
  39 water elementals
  Sigmund (D:5)
  9 wraiths
  9 wyverns
  8 basilisks
  41 yaks
  4 hogs (Shoals:1)
  3 golden eyes (Slime:5)
  A neqoxec (Abyss:2)
  3 steam dragons
  28 redbacks
  3 chaos spawn
  6 vampire mosquitoes
  2 wargs (Orc:2)
  4 water moccasins
  8 hell hounds
  A swamp drake (D:12)
  4 black bears
  38 orc warriors
  A sky beast (D:8)
  2 ice beasts
  6 ogres
  6 wolves
  14 centaurs
  A lemure (D:6)
  A kobold brigand (D:8)
  20 bullfrogs
  3 elf zombies (Elf:1)
  A gnoll sergeant (D:4)
  7 scorpions
  3 earth elementals
  6 wights
  16 killer bees
  3 howler monkeys
  3 electric eels
  4 lava snakes (Lair:5)
  A hound (D:6)
  2 jellies (Lair:5)
  22 orc priests
  A gnoll bouda (D:4)
  2 iron imps
  4 hell rats (Lair:4)
  30 orc wizards
  3 iguanas
  5 small abominations (Abyss:2)
  12 gnolls
  6 adders
  2 white imps (D:6)
  2 ufetubi (D:5)
  A worm (D:3)
  2 dart slugs
  86 orcs
  5 ball pythons
  6 bats
  10 endoplasms
  2 giant cockroaches
  7 goblins
  6 hobgoblins
  3 jackals (D:4)
  2 quokkas
  3 frilled lizards
  11 kobolds
  4 rats
  A bush (Depths:2)
  2 starspawn tentacles (Abyss:2)
1377 creatures vanquished.

Vanquished Creatures (collateral kills)
  Tiamat (Zot:3)
  An orb of fire (Zot:5)
  2 golden dragons
  Arachne (Spider:4)
  A tentacled monstrosity (Zot:3)
  5 Orb Guardians (Zot:5)
  6 acid blobs (Slime:5)
  A death cob (Zot:3)
  A storm dragon (Depths:4)
  3 shadow dragons
  7 rockslimes
  6 azure jellies
  4 emperor scorpions
  2 draconian monks (Zot:3)
  A frost giant (Depths:2)
  A demonspawn warmonger (D:11)
  A ghost moth (Spider:3)
  A draconian scorcher (Zot:1)
  2 draconian stormcallers
  3 draconian shifters
  4 quicksilver oozes
  2 draconian annihilators
  2 ironbound preservers (Vaults:1)
  2 very ugly things
  A reaper (Depths:3)
  2 broodmothers
  2 ironbound thunderhulks (Vaults:1)
  3 stone giants
  A vampire knight (Depths:3)
  A green draconian (Zot:3)
  2 yellow draconians
  A spark wasp (Spider:4)
  A purple draconian (Zot:4)
  A red draconian (Depths:4)
  A bunyip (shapeshifter) (D:15)
  3 white draconians
  A great orb of eyes (Slime:5)
  4 fire dragons
  An entropy weaver (Spider:3)
  A hydra (D:15)
  A spriggan zombie (Abyss:2)
  2 spriggan air magi
  6 ice dragons
  2 jorogumos
  An anaconda (Depths:2)
  A death knight (D:15)
  A catoblepas (Depths:2)
  3 tengu warriors
  A boulder beetle (Spider:3)
  3 two-headed ogres (D:15)
  A hell hog (Depths:2)
  A sun demon (Depths:4)
  2 spriggans
  A storm dragon zombie (Depths:2)
  5 hell knights
  An iron troll (Depths:1)
  3 skeletal warriors
  A pharaoh ant (Spider:3)
  A sun moth (Spider:3)
  3 deep trolls
  5 orb spiders
  A steelbarb worm (Spider:4)
  2 deep elf pyromancers
  A lindwurm (Depths:2)
  An orc knight (D:14)
  A necromancer (Depths:2)
  A harpy (Vaults:1)
  7 wolf spiders
  14 ugly things
  3 shining eyes
  4 moths of wrath
  A tengu skeleton (Depths:2)
  A vault sentinel (Vaults:1)
  A demonic crawler (Spider:3)
  3 centaur skeletons (D:14)
  A freezing wraith (D:15)
  2 yaktaurs (Vaults:1)
  2 hellwings (Depths:3)
  4 hornets
  4 tarantellas
  11 jumping spiders
  19 slime creatures
  7 culicivoras
  A water elemental (Depths:1)
  2 golden eyes
  2 vampire mosquitoes (D:14)
  13 redbacks
  A chaos spawn (Depths:3)
  An acid dragon (D:14)
  A human zombie (Depths:2)
  A hell hound (Depths:1)
  2 ogres (D:15)
  4 centaurs
250 creatures vanquished.

Vanquished Creatures (others)
  A deep elf death mage (Elf:3)
  A moth of wrath (Spider:2)
  3 water elementals (Shoals:4)
  A bush (Depths:2)
  24 fungi
  91 plants
  2 starspawn tentacles (Abyss:2)
123 creatures vanquished.

Grand Total: 1750 creatures vanquished

Notes
Turn   | Place    | Note
-------+----------+-------------------------------------------
     0 | D:1      | Monkooky the Demonspawn Reaver began the quest for the Orb.
     0 | D:1      | Reached XP level 1. HP: 16/16 MP: 3/3
     2 | D:1      | Noticed a gargoyle
     2 | D:1      | Noticed an octopode
     4 | D:1      | Noticed a meteoran
     4 | D:1      | Noticed a felid
     6 | D:1      | Noticed an elf
     6 | D:1      | Noticed a vine stalker
     8 | D:1      | Noticed a vampire
     8 | D:1      | Noticed a spriggan
    10 | D:1      | Noticed a demigod
    10 | D:1      | Noticed a minotaur
    12 | D:1      | Noticed a tengu
    12 | D:1      | Noticed a demonspawn
    14 | D:1      | Noticed a draconian
    14 | D:1      | Noticed a human
    16 | D:1      | Noticed an armataur
    18 | D:1      | Noticed a merfolk
    18 | D:1      | Noticed a naga
    20 | D:1      | Noticed a troll
    22 | D:1      | Noticed a ghoul
    22 | D:1      | Noticed a formicid
    24 | D:1      | Noticed an ogre
    26 | D:1      | Noticed a merfolk
    26 | D:1      | Noticed a vampire
    45 | D:1      | Gained mutation: You may rarely emit foul miasma when
                  | damaged in melee. [demonic ancestry]
    45 | D:1      | Reached XP level 2. HP: 20/24 MP: 1/5
   124 | D:1      | Gained mutation: You have a pair of small antennae on your
                  | head. [demonic ancestry]
   124 | D:1      | Reached XP level 3. HP: 13/26 MP: 4/6
   181 | D:1      | Learned a level 2 spell: Momentum Strike
   274 | D:1      | You fall into a shaft and drop 1 floor!
   314 | D:2      | Learned a level 3 spell: Hailstorm
   571 | D:1      | Reached skill level 1 in Translocations
   812 | D:2      | Found a faded altar of an unknown god.
   833 | D:2      | Prayed at the altar of an unknown god.
   833 | D:2      | Became a worshipper of Vehumet
   833 | D:2      | Reached * piety under Vehumet
   833 | D:2      | Offered knowledge of Sandblast by Vehumet.
   919 | D:2      | Gained mutation: When seriously injured, your blood forms
                  | armour. (AC +0) [demonic ancestry]
   919 | D:2      | Reached XP level 4. HP: 29/35 MP: 7/7
  1607 | D:3      | Reached skill level 1 in Ice Magic
  2683 | D:4      | Reached ** piety under Vehumet
  2868 | D:4      | Offered knowledge of Shock by Vehumet.
  2869 | D:4      | Gained mutation: When seriously injured, your blood forms
                  | thick armour. (AC +0) [demonic ancestry]
  2869 | D:4      | Reached XP level 5. HP: 41/41 MP: 5/8
  3448 | D:4      | Reached skill level 5 in Conjurations
  3448 | D:4      | Gained mutation: When seriously injured, your blood forms
                  | very thick armour. (AC +0) [demonic ancestry]
  3448 | D:4      | Reached XP level 6. HP: 38/47 MP: 4/9
  3737 | D:4      | Identified a scroll of acquirement
  3766 | D:4      | Acquired the +3 warlock's mirror {omnireflect}
  3766 | D:4      | Found the +3 warlock's mirror {omnireflect}
  3882 | D:5      | Entered Level 5 of the Dungeon
  3895 | D:5      | Reached skill level 1 in Shields
  3999 | D:5      | Found Raepaatt's Distillery.
  4005 | D:5      | Noticed Sigmund
  4012 | D:5      | Killed Sigmund
  4013 | D:5      | Gained mutation: You regenerate magic rapidly. [demonic
                  | ancestry]
  4013 | D:5      | Reached XP level 7. HP: 52/52 MP: 2/10
  4061 | D:5      | Bought a potion of might for 44 gold pieces
  4061 | D:5      | Bought a potion of ambrosia for 88 gold pieces
  4263 | D:5      | Found a staircase to the Ecumenical Temple.
  4826 | D:5      | Noticed a yak
  4886 | D:5      | Found a snail-covered altar of Cheibriados.
  4896 | D:5      | Offered knowledge of Searing Ray by Vehumet.
  4897 | D:5      | Gained mutation: You sometimes emit foul miasma when
                  | damaged in melee. [demonic ancestry]
  4897 | D:5      | Reached XP level 8. HP: 44/58 MP: 1/11
  4900 | D:5      | Learned a level 2 spell: Searing Ray
  5369 | D:6      | Found Ydisy's Magic Scroll Emporium.
  5373 | D:6      | Bought a scroll of fear for 40 gold pieces
  5373 | D:6      | Bought a scroll of teleportation for 30 gold pieces
  5472 | D:6      | Acquired a staff of conjuration
  5482 | D:6      | Reached skill level 1 in Evocations
  5551 | D:6      | Noticed Pikel
  5565 | D:6      | Killed Pikel
  5566 | D:6      | Reached XP level 9. HP: 61/64 MP: 8/14
  5628 | D:6      | Reached skill level 5 in Evocations
  5798 | D:6      | Found an ornate altar of the Wu Jian Council.
  6201 | D:7      | Reached *** piety under Vehumet
  6525 | D:7      | Acquired the +1 pair of gloves "Zeiss" {rElec rPois rCorr
                  | Dex+5}
  6699 | D:8      | Reached skill level 5 in Fighting
  6746 | D:8      | Found a shimmering altar of Xom.
  7032 | D:8      | Offered knowledge of Airstrike by Vehumet.
  7635 | D:9      | Noticed Erica
  7648 | D:9      | Killed Erica
  7649 | D:9      | Reached XP level 10. HP: 38/79 MP: 11/15
  7813 | D:9      | Noticed a two-headed ogre
  7822 | D:9      | Killed a two-headed ogre
  7938 | D:9      | Noticed a two-headed ogre
  7948 | D:9      | Killed a two-headed ogre
  7949 | D:9      | Reached skill level 5 in Shields
  8176 | D:9      | Reached **** piety under Vehumet
  8370 | D:9      | Found a staircase to the Lair.
  8467 | D:10     | Entered Level 10 of the Dungeon
  8467 | D:10     | Noticed a cyan ugly thing
  8480 | D:10     | Killed a cyan ugly thing
  8683 | D:10     | Noticed a two-headed ogre
  8691 | D:10     | Killed a two-headed ogre
  8692 | D:10     | Gained mutation: You have a pair of antennae on your head.
                  | [demonic ancestry]
  8692 | D:10     | Reached XP level 11. HP: 84/84 MP: 16/16
  8811 | D:10     | Found Oliplewiant's Antique Weapon Emporium.
  8923 | D:10     | Found Ebbatef's Overcharged Wands.
  8957 | D:10     | Identified the +1 pair of boots "Suduwix" {rN+}
  8994 | D:10     | Found a blossoming altar of Fedhas.
  8997 | D:10     | Found a sparkling altar of Nemelex Xobeh.
  9003 | D:10     | Found a hide-covered altar of Uskayaw.
  9008 | D:10     | Reached skill level 1 in Ranged Weapons
  9016 | D:10     | Found a stormy altar of Qazlal.
  9023 | D:10     | Found a sacrificial altar of Ru.
  9059 | D:10     | Offered knowledge of Ignite Poison by Vehumet.
  9069 | D:10     | Learned a level 3 spell: Ignite Poison
  9553 | D:11     | Found a portal to a secret trove of treasure.
  9961 | D:11     | Noticed a boulder beetle
 10006 | D:11     | Killed a boulder beetle
 10172 | D:11     | Reached skill level 5 in Dodging
 10207 | D:11     | Noticed a two-headed ogre
 10209 | D:11     | Noticed a wolf spider
 10218 | D:11     | Killed a two-headed ogre
 10227 | D:11     | Killed a wolf spider
 10237 | D:11     | Noticed a boulder beetle
 10260 | D:11     | Killed a boulder beetle
 10269 | D:11     | Noticed a two-headed ogre
 10275 | D:11     | Killed a two-headed ogre
 10275 | D:11     | Noticed a boulder beetle
 10301 | D:11     | Killed a boulder beetle
 10302 | D:11     | Reached XP level 12. HP: 46/91 MP: 12/17
 10475 | D:11     | Got the Lessons on Topological Astrapomancy
 10482 | D:11     | Learned a level 5 spell: Freezing Cloud
 10544 | D:11     | Noticed a two-headed ogre
 10550 | D:11     | Killed a two-headed ogre
 10551 | D:11     | Reached skill level 1 in Fire Magic
 10551 | D:11     | Reached skill level 1 in Poison Magic
 10589 | D:11     | Identified the +8 great sword of Purpose {freeze, rF++ rC-
                  | Str+2 Dex+2}
 10637 | D:11     | Reached skill level 1 in Transmutations
 10751 | Lair:1   | Entered Level 1 of the Lair of Beasts
 10956 | Lair:1   | Reached skill level 1 in Air Magic
 11695 | Lair:1   | Acquired the amulet of the Cockatrice {Reflect Str+5 Int+3
                  | SH+5}
 11791 | Lair:2   | Reached ***** piety under Vehumet
 12004 | Lair:2   | Offered knowledge of Starburst by Vehumet.
 12005 | Lair:2   | Reached skill level 5 in Spellcasting
 12186 | Lair:2   | Reached skill level 5 in Air Magic
 12280 | Lair:2   | Noticed a five-headed hydra
 12289 | Lair:2   | Killed a five-headed hydra
 12509 | Lair:2   | Noticed a four-headed hydra
 12516 | Lair:2   | Killed a four-headed hydra
 12636 | Lair:2   | Noticed an eight-headed hydra
 12643 | Lair:2   | Killed an eight-headed hydra
 12644 | Lair:2   | Reached skill level 5 in Ice Magic
 12647 | Lair:2   | Reached XP level 13. HP: 96/96 MP: 12/21
 13567 | Lair:3   | Found a hole to the Spider Nest.
 13786 | Lair:3   | Found a staircase to the Shoals.
 13827 | Lair:3   | Reached skill level 10 in Conjurations
 14620 | Lair:4   | Offered knowledge of Orb of Destruction by Vehumet.
 14640 | Lair:4   | Learned a level 7 spell: Orb of Destruction
 15130 | Lair:5   | Entered Level 5 of the Lair of Beasts
 15144 | Lair:5   | Found a blossoming altar of Fedhas.
 15439 | Lair:5   | Found a staircase to the Slime Pits.
 15887 | Lair:5   | Noticed a fire dragon
 15888 | Lair:5   | Found a large runed translucent door.
 15889 | Lair:5   | Found a large runed translucent door.
 15915 | Lair:5   | Reached XP level 14. HP: 103/103 MP: 24/24
 17675 | D:12     | Found a staircase to the Orcish Mines.
 18238 | D:12     | Offered knowledge of Iskenderun's Battlesphere by Vehumet.
 18848 | D:13     | Found Beesk's Armour Boutique.
 19089 | Orc:1    | Entered Level 1 of the Orcish Mines
 19093 | Orc:1    | Noticed Josephine
 19100 | Orc:1    | Killed Josephine
 19124 | Orc:1    | Noticed Maurice
 19130 | Orc:1    | Paralysed by Maurice for 2 turns
 19238 | Orc:1    | Killed Maurice
 19903 | Orc:2    | Entered Level 2 of the Orcish Mines
 20044 | Orc:2    | Found a staircase to the Elven Halls.
 20130 | Orc:2    | Offered knowledge of Fireball by Vehumet.
 20529 | Orc:2    | Found Cipejo's Antique Armour Boutique.
 20648 | Orc:2    | Noticed an orc warlord
 20667 | Orc:2    | Killed an orc warlord
 20882 | Orc:2    | Found Ruaxoaha's Antique Armour Shoppe.
 20886 | Orc:2    | Found Cegresyimi's Antique Weapon Emporium.
 21008 | Orc:2    | Found Buunamy's Book Shop.
 21212 | Spider:1 | Entered Level 1 of the Spider Nest
 21250 | Spider:1 | Noticed Rupert
 21270 | Spider:1 | Killed Rupert
 21380 | Spider:1 | Reached skill level 15 in Conjurations
 21603 | Spider:1 | Identified the +6 rapier "Aneaxety" {venom, rElec}
 22231 | Spider:1 | Gained mutation: Your presence sometimes corrodes those you
                  | injure. [demonic ancestry]
 22231 | Spider:1 | Reached XP level 15. HP: 84/107 MP: 28/28
 22803 | Spider:2 | Offered knowledge of Yara's Violent Unravelling by Vehumet.
 23011 | Spider:2 | Identified Roxanne's Thoughts on Therianthropy
 23011 | Spider:2 | Noticed Roxanne
 23062 | Spider:2 | Noticed an emperor scorpion
 23470 | Spider:1 | Killed an emperor scorpion
 23526 | Spider:1 | Learned a level 5 spell: Yara's Violent Unravelling
 23637 | Spider:2 | Killed Roxanne
 24186 | Shoals:1 | Entered Level 1 of the Shoals
 24309 | Shoals:1 | Reached skill level 10 in Spellcasting
 24412 | Shoals:1 | Got the Enchiridion on Direction and Production
 24575 | Shoals:1 | Noticed Louise
 24578 | Abyss:2  | Found a corrupted altar of Lugonu.
 24578 | Abyss:2  | Cast into level 2 of the Abyss (Louise)
 24677 | Abyss:2  | Gained mutation: You have hidden genetic defects. [a
                  | neqoxec]
 24714 | Abyss:2  | Noticed a tentacled starspawn
 24724 | Abyss:2  | Killed a tentacled starspawn
 24801 | Abyss:2  | Noticed a tentacled starspawn
 24808 | Abyss:2  | Killed a tentacled starspawn
 24828 | Abyss:2  | Noticed a hellephant
 24842 | Abyss:2  | Killed a hellephant
 24894 | Abyss:2  | Noticed a bone dragon
 24907 | Abyss:2  | Found a corrupted altar of Lugonu.
 24977 | Shoals:1 | Escaped the Abyss
 24982 | Shoals:1 | Killed Louise
 24983 | Shoals:1 | Reached skill level 1 in Hexes
 25015 | Shoals:1 | Gained mutation: You occasionally lose the ability to read
                  | scrolls when taking damage. [hidden defects]
 25016 | Shoals:1 | Lost mutation: You occasionally lose the ability to read
                  | scrolls when taking damage. [potion of mutation]
 25016 | Shoals:1 | Lost mutation: You have hidden genetic defects. [potion of
                  | mutation]
 25016 | Shoals:1 | Gained mutation: Your mind is acute. (Int +4, Str/Dex -1)
                  | [potion of mutation]
 25016 | Shoals:1 | Gained mutation: You possess an exceptional clarity of
                  | mind. [potion of mutation]
 25016 | Shoals:1 | Gained mutation: You have supernaturally acute eyesight.
                  | (SInv) [potion of mutation]
 25280 | Shoals:1 | Upgraded the game from 0.30-a0-728-gc68057be0a to
                  | 0.30-a0-737-gf23d94013f
 25313 | Shoals:1 | Noticed Kirke
 25323 | Shoals:1 | Killed Kirke
 25601 | Shoals:1 | Reached skill level 1 in Earth Magic
 25712 | Shoals:2 | Reached skill level 2 in Earth Magic
 26090 | Shoals:2 | Reached skill level 3 in Earth Magic
 26093 | Shoals:2 | Reached XP level 16. HP: 90/115 MP: 28/31
 26183 | Shoals:2 | Reached skill level 4 in Earth Magic
 26278 | Shoals:2 | Offered knowledge of Ozocubu's Refrigeration by Vehumet.
 26554 | Shoals:2 | Reached skill level 5 in Earth Magic
 26593 | Shoals:2 | Learned a level 8 spell: Lehudib's Crystal Spear
 26772 | Shoals:2 | Reached skill level 6 in Earth Magic
 26863 | Shoals:2 | Reached ****** piety under Vehumet
 27164 | Shoals:3 | Reached skill level 7 in Earth Magic
 27773 | Shoals:3 | Reached skill level 8 in Earth Magic
 27926 | Shoals:4 | Entered Level 4 of the Shoals
 27985 | Shoals:4 | Paralysed by an air elemental for 1 turns
 28445 | Shoals:4 | Reached skill level 9 in Earth Magic
 28492 | Shoals:4 | Paralysed by an air elemental for 1 turns
 28652 | Shoals:4 | Noticed a storm dragon
 28828 | Shoals:4 | Reached skill level 10 in Earth Magic
 29286 | Shoals:4 | Paralysed by an air elemental for 1 turns
 29300 | Shoals:4 | Offered knowledge of Maxwell's Capacitive Coupling by
                  | Vehumet.
 29380 | Shoals:4 | Paralysed by an air elemental for 1 turns
 29471 | Shoals:4 | Killed a storm dragon
 29484 | Shoals:4 | Reached skill level 11 in Earth Magic
 29528 | Shoals:4 | Got a barnacled rune of Zot
 29533 | Shoals:4 | Identified the +8 sling of Sin {elec, Will+}
 29543 | Shoals:4 | Identified the +4 spear of the Reaper {venom, +Blink rElec
                  | rN+}
 29748 | Shoals:4 | Paralysed by an air elemental for 1 turns
 29916 | Shoals:4 | Reached XP level 17. HP: 120/120 MP: 26/32
 30306 | Elf:1    | Entered Level 1 of the Elven Halls
 30346 | Elf:1    | Reached skill level 12 in Earth Magic
 30508 | Elf:1    | Found a shimmering blue altar of Sif Muna.
 30973 | Elf:1    | Got the Volume of the Dead
 31198 | Elf:1    | Reached skill level 13 in Earth Magic
 31629 | Elf:1    | Found Tompalumo's Magic Scroll Shop.
 31640 | Elf:1    | Bought a scroll of vulnerability for 64 gold pieces
 32122 | Elf:2    | Found Mumnol's Armour Emporium.
 32135 | Elf:2    | Identified the +1 ring mail "Ylyepp" {rF+ Str+2}
 32236 | Elf:2    | Identified the ring "Fetadiho" {Wiz *Corrode rN+ Stlth+}
 32365 | Elf:2    | Found a runed translucent gate.
 32366 | Elf:2    | Found a runed translucent gate.
 32366 | Elf:2    | Found a runed translucent gate.
 32528 | Elf:3    | Entered Level 3 of the Elven Halls
 32594 | Elf:3    | Reached skill level 14 in Earth Magic
 33496 | Abyss:2  | Cast into level 2 of the Abyss (a deep elf demonologist)
 33511 | Elf:3    | Escaped the Abyss
 34297 | Elf:3    | Noticed a deep elf master archer
 34300 | Elf:3    | Killed a deep elf master archer
 34306 | Elf:3    | Noticed a deep elf master archer
 34311 | Elf:3    | Killed a deep elf master archer
 34363 | Elf:3    | Reached skill level 15 in Earth Magic
 34363 | Elf:3    | Noticed a deep elf blademaster
 34371 | Elf:3    | Killed a deep elf blademaster
 34691 | Elf:3    | Identified the amulet of Yendor {Spirit rF+ rN+}
 34736 | Elf:3    | Identified the +1 ring mail of Eternity {Drain Regen+ MP+9}
 34799 | Elf:3    | Got the Anthology of Embers
 34856 | Elf:3    | Identified the amulet "Kijackas" {Acrobat Rampage rC-
                  | Regen+ Dex+5}
 34858 | Elf:3    | Found the dreamshard necklace {*Dream Drain}
 34862 | Elf:3    | Got the Secrets of Hexes and Locality
 34866 | Elf:3    | Got the Compilation of Solid Misfortune
 34868 | Elf:3    | Identified the amulet "Usu Oces" {RegenMP Rampage rN+ Str-2
                  | Slay+2}
 34870 | Elf:3    | Identified the ring "Ruashraga" {MP+9 Dex+4}
 34874 | Elf:3    | Identified the amulet "Vory" {RegenMP Will+ Int+5}
 35550 | Spider:2 | Reached XP level 18. HP: 118/127 MP: 33/33
 35952 | Spider:3 | Reached skill level 16 in Earth Magic
 36053 | Spider:3 | Acquired the Atlas of the Death Scarab
 36064 | Spider:3 | Learned a level 7 spell: Spellforged Servitor
 36084 | Spider:3 | Reached skill level 1 in Summonings
 36332 | Spider:3 | Offered knowledge of Fire Storm by Vehumet.
 36332 | Spider:3 | Offered knowledge of Chain Lightning by Vehumet.
 36332 | Spider:3 | Offered knowledge of Polar Vortex by Vehumet.
 36350 | Spider:3 | Reached skill level 5 in Summonings
 37199 | Spider:3 | Noticed Nikola
 37204 | Spider:3 | Killed Nikola
 37485 | Spider:4 | Entered Level 4 of the Spider Nest
 37485 | Spider:4 | Noticed Arachne
 37489 | Spider:4 | Killed Arachne
 37761 | Spider:4 | Acquired 768 gold pieces
 38434 | Spider:4 | Reached skill level 10 in Summonings
 38928 | Spider:4 | Got a gossamer rune of Zot
 39429 | D:14     | Reached skill level 5 in Hexes
 39673 | D:14     | Reached skill level 5 in Transmutations
 39683 | D:14     | Reached XP level 19. HP: 79/132 MP: 26/34
 39980 | D:14     | Found a gate to the Vaults.
 40695 | D:15     | Entered Level 15 of the Dungeon
 40698 | D:15     | Found a staircase to the Depths.
 42311 | Slime:1  | Entered Level 1 of the Pits of Slime
 42529 | Slime:5  | Entered Level 5 of the Pits of Slime
 42613 | Slime:5  | Reached skill level 5 in Armour
 42726 | Slime:5  | Noticed the Royal Jelly
 42853 | Slime:5  | Killed the Royal Jelly
 43155 | Slime:5  | Found the +7 captain's cutlass {speed, disarm}
 43158 | Slime:5  | Found the +3 hat of Pondering {ponderous, Will+ MP+10
                  | Int+5}
 43161 | Slime:5  | Found the +5 Lochaber axe {reach-cleave, Poleaxe Drain}
 43163 | Slime:5  | Got a slimy rune of Zot
 43212 | Slime:5  | Identified the +0 chain mail "Veblous" {MP+9 Slay+3}
 43612 | Depths:1 | Entered Level 1 of the Depths
 43639 | Depths:1 | Found Syenohuwn's Armour Emporium.
 43689 | Depths:1 | Noticed Asterion
 43703 | Depths:1 | Found Falifal's Firing Range.
 43704 | Depths:1 | You fall into a shaft and drop 1 floor!
 44177 | Depths:2 | Found a gateway to Hell.
 44311 | Depths:2 | Reached XP level 20. HP: 145/145 MP: 35/35
 44565 | Depths:2 | Found The Oracle's Delphic Readings.
 44569 | Depths:2 | Bought a scroll of summoning for 180 gold pieces
 44927 | Depths:2 | Reached skill level 17 in Earth Magic
 44929 | Depths:2 | Noticed a caustic shrike
 44934 | Depths:2 | Killed a caustic shrike
 45880 | Depths:2 | Reached skill level 18 in Earth Magic
 46054 | Depths:1 | Found Umibuu's General Store.
 46288 | Depths:1 | Killed Asterion
 46711 | Depths:1 | Found a one-way gateway to a ziggurat.
 46786 | Depths:1 | Gained mutation: You are frail. (-10% HP) [a shining eye]
 47202 | Vaults:1 | Entered Level 1 of the Vaults
 47430 | Orc:2    | Bought a book of Annihilations for 840 gold pieces
 47440 | Orc:2    | Learned a level 9 spell: Shatter
 48028 | Slime:5  | Identified the +1 leather armour "Zuethrigh" {rPois rC+}
 48758 | Vaults:1 | Reached skill level 19 in Earth Magic
 48981 | Vaults:1 | Noticed Zenata
 48995 | Vaults:1 | Killed Zenata
 49077 | Vaults:1 | Gained mutation: You have a pair of large antennae on your
                  | head. (SInv) [demonic ancestry]
 49077 | Vaults:1 | Reached XP level 21. HP: 57/135 MP: 27/36
 49704 | Depths:2 | Found a one-way gate leading to the halls of Pandemonium.
 49810 | Depths:3 | Found a radiant altar of Vehumet.
 49826 | Depths:3 | Found a one-way gate to the infinite horrors of the Abyss.
 50384 | Depths:3 | Noticed a golden dragon
 50400 | Depths:3 | Killed a golden dragon
 50426 | Depths:3 | Reached skill level 20 in Earth Magic
 51031 | Depths:3 | HP: 6/130 [Tzitzimitl (10)]
 51601 | Depths:4 | Entered Level 4 of the Depths
 51618 | Depths:4 | Found Jadyta's General Store.
 52593 | Depths:4 | Found a gate to the Realm of Zot.
 52806 | Zot:1    | Entered Level 1 of the Realm of Zot
 53366 | Depths:4 | Learned a level 6 spell: Statue Form
 53456 | Zot:1    | You fall into a shaft and drop 1 floor!
 53529 | Zot:4    | Noticed an orb of fire
 53531 | Zot:4    | Killed an orb of fire
 53532 | Zot:4    | Reached skill level 21 in Earth Magic
 53741 | Zot:3    | Noticed a golden dragon
 53746 | Zot:3    | Killed a golden dragon
 53751 | Zot:3    | Gained mutation: When hurt, damage is shared between your
                  | health and your magic reserves. [demonic ancestry]
 53751 | Zot:3    | Reached XP level 22. HP: 126/141 MP: 3/39
 53792 | Zot:3    | Noticed a golden dragon
 53795 | Zot:3    | Killed a golden dragon
 53853 | Zot:3    | Found the +4 dragonskin cloak
 53853 | Zot:3    | Noticed Tiamat
 53859 | Zot:3    | Killed Tiamat
 54299 | Zot:3    | Reached skill level 10 in Shields
 54626 | Zot:5    | Entered Level 5 of the Realm of Zot
 54699 | Zot:5    | Reached skill level 1 in Staves
 55194 | Zot:5    | Noticed a dread lich
 55199 | Zot:5    | Killed a dread lich
 55229 | Zot:5    | Reached skill level 10 in Fighting
 55316 | Zot:5    | Noticed an ancient lich
 55316 | Zot:5    | Noticed an orb of fire
 55323 | Zot:5    | Killed an orb of fire
 55333 | Zot:5    | Killed an ancient lich
 55354 | Zot:5    | Noticed an orb of fire
 55358 | Zot:5    | Gained mutation: You occasionally lose the ability to read
                  | scrolls when taking damage. [an orb of fire]
 55362 | Zot:5    | Killed an orb of fire
 55397 | Zot:5    | Learned a level 1 spell: Apportation
 55401 | Zot:5    | Got the Orb of Zot
 55533 | Depths:4 | Reached skill level 10 in Dodging
 55631 | D:15     | Noticed Ohygaede the pandemonium lord
 55631 | D:15     | Noticed an ancient lich
 56019 | D:$      | Escaped with the Orb!

Illustrated notes

Levels and vault maps discovered:
D:1:      kb_arrival_jail, layout_rooms
D:2:      layout_rooms, nicolae_ecumenical_pavilion
D:3:      cheibrodos_old_hovel, layout_basic, nicolae_elyvilon_temple_path
D:4:      layout_basic, grunt_ministairs_5
D:5:      layout_cave_pools, slow_altar_2, minmay_temple_entry_ruins,
          serial_column_ruins, column_ruins_square_large, column_ruins_hut,
          column_ruins_grid_3, column_ruins_open_tiny, column_ruins_corridor_T,
          column_ruins_columns_corner, column_ruins_columns_straight,
          column_ruins_open_tiny, serial_shops, nicolae_shop_waterfront,
          uniq_sigmund
D:6:      layout_rooms, marbit_many_paths, serial_shops, nicolae_shop_stone,
          uniq_pikel
D:7:      layout_loops_ring
D:8:      layout_loops_ring, xom_butterflies, serial_aquarium,
          aquarium_bridge_square [aquarium_subvault_bridge,
          aquarium_subvault_window, aquarium_subvault_bridge,
          aquarium_subvault_window], aquarium_window_fake, aquarium_window_fake,
          aquarium_window_1, aquarium_window_2, aquarium_view_2f,
          aquarium_balcony_3b
D:9:      layout_gridville, grunt_lair_entry_orc_guard_hut,
          lemuel_flamethrower_2, uniq_erica
D:10:     layout_basic, nicolae_overflow_hallway_of_the_gods, serial_shops,
          nicolae_inconvenience_store, nicolae_shop_overcharged_wands
D:11:     layout_irregular_city, enter_trove_2, minmay_pinched_square
D:12:     layout_roguey, erik_orc_1
D:13:     layout_roguey, serial_shops, nicolae_diamond_shop, grunt_ministairs_3
D:14:     layout_cave_pools, hangedman_vaults_entry_quadrant_bands,
          grunt_decor_clamped, water_maze_lemuel
D:15:     grunt_enter_depths_giant_problem, layout_layer_cave
Lair:1:   layout_roguey, chequers_serial_rivers_large_b
Lair:2:   layout_gridlike, st_stairs_4, minmay_shattered_shrine,
          grunt_megastairs_3
Lair:3:   layout_loops_ring, shoals_dummy_entry, spider_nest_entry_funnel_web
Lair:4:   layout_gridlike, infiniplex_staircase_pool_2, serial_bayou_shore_b
Lair:5:   cheibrodos_lair_end_hotspot, layout_long_grid,
          minmay_slime_entry_pillars, basic_altar
Shoals:1: layout_shoals, uniq_kirke, uniq_louise
Shoals:2: layout_shoals, nicolae_shoals_water_elemental_grotto
Shoals:3: layout_shoals
Shoals:4: shoals_end_hellmonk_storm_palace [storm_palace_center_ruins,
          storm_palace_corner_blocked, storm_palace_corner_pillars,
          storm_palace_corner_pillars, storm_palace_corner_grid]
Spider:1: layout_spider_delve, hangedman_spider_tarantella_strand, uniq_rupert
Spider:2: layout_spider_delve, uniq_roxanne
Spider:3: nicolae_spider_hall_of_the_moth_king, uniq_nikola
Spider:4: spider_rune_water, uniq_arachne
Slime:1:  layout_caves
Slime:2:  layout_caves, basic_altar
Slime:3:  layout_caves, nicolae_slime_rock_hall_of_fame
Slime:4:  layout_caves, cheibrodos_slime_lost_civilization_6
Slime:5
Orc:1:    layout_diamond_mine, uniq_maurice, uniq_josephine
Orc:2:    grunt_orc_community_town_hall, layout_caves,
          grunt_orc_community_big_house_1, grunt_orc_community_big_house_2,
          grunt_orc_community_house_2, grunt_orc_community_house_1,
          grunt_orc_community_house_1, grunt_orc_community_house_3,
          grunt_orc_community_house_1, mines2_david
Elf:1:    eino_elf_arrival_the_gate, layout_loops_corners, serial_shops,
          nicolae_shop_waterfront, basic_altar, minmay_elf_necromancy
Elf:2:    nicolae_elf_blades_crystal_corner, layout_loops_cross, serial_shops,
          shop, nicolae_elf_w_pinch
Elf:3:    minmay_elf_hall_dome, layout_loops_corners
Vaults:1: nicolae_vaults_diagonal_hallway_7, dpeg_vaults_monster_row, v_misc_10,
          hangedman_vaults_cutoff, ontoclasm_vaults_hangar, serial_ice_m,
          v_alt_pattern_2, v_misc_9, v_misc_3, layout_vaults_ring, uniq_zenata
Depths:1: layout_basic, enter_ziggurat_a, hell_entry, interstate_on_off,
          special_room [special_room_jelly], nrook_mini_backslash,
          nicolae_shop_firing_range, serial_bayou_shore_a, minmay_shoptagon,
          uniq_asterion
Depths:2: hangedman_hanging_gardens, layout_cave_shapes,
          grunt_pan_entry_in_and_out, minmay_strange_pillars, hell_entry,
          nicolae_nh_oracle_at_delphi
Depths:3: cheibrodos_tormentor_scu, layout_long_grid, grunt_mini_vestibule,
          abyss_entry, grunt_pan_entry_zigzag, nicolae_tso_carved_into_rock,
          vehumet_crystals
Depths:4: grunt_zot_entry_tricorne, layout_honeycomb, hell_entry,
          minmay_fountain_box, serial_shops, shop, abyss_entry_flame_altar
Zot:1:    layout_basic, st_stairs_8, uniq_josephina
Zot:2:    layout_cellular_growth, skrybe_zot_glass_2
Zot:3:    layout_twisted_circle, uniq_tiamat
Zot:4:    layout_basic, uniq_vv
Zot:5:    layout_misc_corridors

Skill      XL: |  1  2  3  4  5  6  7  8  9 10 11 12 13 14 15 16 17 18 19 20 21 22 |
---------------+-------------------------------------------------------------------+-----
Fighting       | 3 7 9 11 | 11.2
Translocations | 1 |  1.8
Ice Magic      | 2 5 7 |  7.4
Conjurations   | 5 7 8 9 11 15 16 17 | 17.8
Shields        | 2 8 9 11 | 11.2
Spellcasting   | 3 5 7 9 11 13 | 13.6
Evocations     | 4 7 |  7.6
Ranged Weapons | 2 |  2.9
Dodging        | 7 8 10 | 10.1
Armour         | 3 4 6 |  6.8
Fire Magic     | 1 |  1.2
Poison Magic   | 1 |  1.3
Transmutations | 1 2 5 |  5.6
Air Magic      | 6 7 |  7.2
Hexes          | 2 5 6 |  6.0
Earth Magic    | 3 11 15 16 19 21 | 21.2
Summonings     | 10 | 10.0
Staves         | 4 |  4.1
Maces & Flails | |  2.7

Action                     |  1- 3 |  4- 6 |  7- 9 | 10-12 | 13-15 | 16-18 | 19-21 | 22-24 || total
---------------------------+-------+-------+-------+-------+-------+-------+-------+-------++-------
  Melee: Mace              |    55 |    52 |    27 |       |       |       |       |       ||   134
         Punch             |       |     1 |       |       |       |       |       |       ||     1
         Spear             |       |       |    10 |       |       |       |       |       ||    10
         Staff             |       |       |     8 |    54 |   226 |   211 |   110 |    21 ||   630
  Throw: Dart              |       |       |     4 |    21 |    15 |       |       |       ||    40
   Cast: Kiss of Death     |     3 |       |     1 |       |       |       |       |       ||     4
         Momentum Strike   |     9 |    38 |    41 |    10 |     1 |       |       |       ||    99
         Hailstorm         |       |     6 |    11 |       |       |       |       |       ||    17
         Searing Ray       |       |       |    35 |    99 |    33 |     2 |       |       ||   169
         Freezing Cloud    |       |       |       |    39 |   276 |   190 |    34 |     2 ||   541
         Orb of Destructio |       |       |       |       |   129 |   111 |     9 |       ||   249
         Ignite Poison     |       |       |       |       |     4 |     2 |     1 |       ||     7
         Lehudib's Crystal |       |       |       |       |       |    85 |   300 |    81 ||   466
         Yara's Violent Un |       |       |       |       |       |    12 |    16 |       ||    28
         Spellforged Servi |       |       |       |       |       |    31 |    89 |    21 ||   141
         Shatter           |       |       |       |       |       |       |    27 |     2 ||    29
         Statue Form       |       |       |       |       |       |       |     1 |       ||     1
         Apportation       |       |       |       |       |       |       |       |     1 ||     1
  Evoke: Wand              |       |     3 |       |       |    12 |     3 |    14 |     2 ||    34
         Phantom mirror    |       |       |       |       |     2 |     1 |     1 |     1 ||     5
         Phial of floods   |       |       |       |       |       |     2 |     2 |       ||     4
         Condenser vane    |       |       |       |       |       |     1 |     6 |     2 ||     9
         Box of beasts     |       |       |       |       |       |     1 |     4 |     1 ||     6
         Tin of tremorston |       |       |       |       |       |       |     3 |       ||     3
    Use: Scroll            |       |     6 |     8 |     6 |    14 |    19 |    18 |     3 ||    74
         Potion            |       |     1 |       |       |     6 |     2 |    15 |     5 ||    29
   Stab: Distracted        |       |       |       |       |       |       |     1 |     1 ||     2
 Armour: Leather armour    |    21 |    32 |    34 |       |       |       |       |       ||    87
         Steam dragon scal |       |       |     7 |    67 |   123 |   143 |   158 |    12 ||   510
  Dodge: Dodged            |    39 |    62 |    52 |   117 |   201 |   267 |   235 |    37 ||  1010
  Block: Buckler           |       |    12 |    54 |   132 |   341 |   302 |   140 |    25 ||  1006
         Reflection        |       |     1 |     6 |     7 |    44 |    64 |    28 |     9 ||   159

Table legend: (Time is in decaauts)
 A = Elapsed time spent in this place.
 B = Non-inter-level travel time spent in this place.
 C = Inter-level travel time spent in this place.
 D = Time resting spent in this place.
 E = Time spent auto-exploring this place.
 F = Levels seen in this place.
 G = Mean time per level.
                   A        B        C        D        E       F      G
               +--------+--------+--------+--------+--------+-----+--------+
         Total |  56925 |  51369 |   5556 |  11633 |  29380 |  50 | 1138.5 |
       Dungeon |  17360 |  15064 |   2296 |   1498 |  10866 |  15 | 1157.3 |
          Lair |   7816 |   6546 |   1270 |    797 |   4821 |   5 | 1563.2 |
        Shoals |   5630 |   5348 |    282 |   1105 |   3168 |   4 | 1407.5 |
   Spider Nest |   6813 |   6524 |    289 |   2662 |   2570 |   4 | 1703.2 |
    Slime Pits |   1200 |   1054 |    146 |    424 |      0 |   5 |  240.0 |
  Orcish Mines |   2255 |   1833 |    422 |    250 |   1033 |   2 | 1127.5 |
   Elven Halls |   4497 |   3882 |    615 |    428 |   2837 |   3 | 1499.0 |
        Vaults |    964 |    928 |     36 |    147 |    578 |   1 |  964.0 |
        Depths |   7688 |   7492 |    196 |   3147 |   3186 |   4 | 1922.0 |
           Zot |   2280 |   2280 |      0 |   1134 |    319 |   5 |  456.0 |
         Abyss |    417 |    417 |      0 |     40 |      0 |   2 |  208.5 |
               +--------+--------+--------+--------+--------+-----+--------+

Top non-repeatable levels by time:
Depths:2: 2901 daAuts
Spider:1: 2886 daAuts
  Lair:5: 2202 daAuts
   Elf:3: 2034 daAuts
Shoals:4: 2031 daAuts
   Elf:1: 1799 daAuts
     D:4: 1782 daAuts
    D:14: 1781 daAuts
Spider:3: 1771 daAuts
  Lair:3: 1757 daAuts
    D:12: 1742 daAuts
Depths:3: 1727 daAuts
  Lair:2: 1689 daAuts
Depths:4: 1683 daAuts
    D:15: 1542 daAuts
